 Dungeon Sprint DCSS version 0.29.1-15-g9cfb28693d (webtiles) character file.

Game seed: 16936721606429950371

9 Groucho the Stinger (level 2, -9/13 HPs)
             Began as a Spriggan Venom Mage on Apr 6, 2023.
             Killed from afar by an oklob sapling (22 damage)
             ... with a splash of acid
             ... in the Dungeon (Sprint IV: "Fedhas' Mad Dash").
             The game lasted 00:00:36 (485 turns).

Groucho the Stinger (Spriggan Venom Mage)            Turns: 485, Time: 00:00:37

Health: -9/13      AC:  2    Str:  4    XL:     2   Next: 6%
Magic:  7/7        EV: 17    Int: 16    God:
Gold:   0          SH:  0    Dex: 15    Spells: 7/8 levels left

rFire   . . .      SeeInvis +   (weapon restricted)
rCold   . . .      Faith    .   (no shield)
rNeg    . . .      Spirit   .   a - +0 robe
rPois   .          Reflect  .   (helmet restricted)
rElec   .          Harm     .   (no cloak)
rCorr   .          Rampage  .   (gloves unavailable)
Will    .....      NoTele   +   (boots unavailable)
Stlth   ++........              (no amulet)
HPRegen 0.04/turn               (no ring)
MPRegen 0.10/turn               (no ring)

@: very quick
A: very small, no large weapons, unfitting armour, see invisible, speed 3
a: no special abilities


You were in the Dungeon.
You visited 1 branch

Inventory:

Armour
 a - a +0 robe (worn)
Scrolls
 g - a scroll of blinking
Potions
 b - 3 potions of magic
 c - a potion of curing
 d - a potion of heal wounds
 e - a potion of haste
 f - a potion of berserk rage


   Skills:
 + Level 3.3 Dodging
 + Level 3.5 Stealth
 + Level 3.5 Spellcasting
 + Level 1.7 Transmutations
 + Level 4.2 Poison Magic


You had 7 spell levels left.
You knew the following spells:

 Your Spells              Type           Power      Damage    Failure   Level
a - Sting                 Tmut/Pois      48%        1d5       5%          1

Your spell library contained the following spells:

 Spells                   Type           Power      Damage    Failure   Level
 Poisonous Vapours        Pois/Air       18%        N/A       11%         2
 Mephitic Cloud           Conj/Pois/Air  7%         N/A       30%         3
 Olgreb's Toxic Radiance  Pois           16%        N/A       30%         4


Dungeon Overview and Level Annotations

Branches:
Dungeon (1/1)

Altars:

Annotations:
D exclusion: oklob sapling


Innate Abilities, Weirdness & Mutations

You are very small and have problems with some larger weapons.
You are too small for most types of armour.
You have supernaturally acute eyesight. (SInv)
You cover ground extremely quickly. (Speed+++)


Message History

Your Dodging skill increases to level 3!
Your Spellcasting skill increases to level 3!
Your Poison Magic skill increases to level 4!
You have reached level 2!
Unknown command.
Unknown command.
There is an open door here.
Aiming: Sting (safe; 5% risk of failure)
Press: ? - help, Q - select action Shift-Dir - straight line, f - you That beam is likely to hit you.
Continue anyway?
Okay, then.
You see here 2 stones.
Aiming: Sting (safe; 5% risk of failure)
Press: ? - help, Q - select action Shift-Dir - straight line, f - rat
Aim: a rat (asleep, 100% to hit)
The sting hits the rat.
The rat is poisoned.
The rat is severely wounded.
You kill the rat!
Unknown command.
Unknown command.
You start resting.
Magic restored.
You start waiting.
Done waiting.
You start waiting.
Done waiting.
You start waiting.
Done waiting.
You start waiting.
Done waiting.
As you open the door, it creaks loudly!
An oklob sapling comes into view.
Marking area around an oklob sapling as unsafe for travelling.
Found 43 gold pieces.
Unknown command.
Really walk into a travel-excluded area?
The oklob sapling spits acid at you. The splash of acid hits you!!
Ouch! That really hurt!
You die...

##################
#<..P#.....#.$$$$#
#PP..'.(...@.#
#PPPP#.....#P#
##############


You could see an oklob sapling.

Vanquished Creatures
  A river rat (D)
  A rat (D)
2 creatures vanquished.

Notes
Turn   | Place    | Note
-------+----------+-------------------------------------------
     0 | D        | Groucho the Spriggan Venom Mage began the quest for the
                  | Orb.
     0 | D        | Reached XP level 1. HP: 9/9 MP: 5/5
    13 | D        | Reached skill level 4 in Poison Magic
    13 | D        | Reached XP level 2. HP: 13/13 MP: 1/7
   483 | D        | Noticed an oklob sapling
   485 | D        | Killed from afar by an oklob sapling

Illustrated notes

Levels and vault maps discovered:
D:        dungeon_sprint_fedhas [sprint_temple]

Skill      XL: |  1 |
---------------+----+-----
Dodging        | 3 |  3.3
Spellcasting   | 3 |  3.5
Poison Magic   | 4 |  4.2
Stealth        | |  3.5
Transmutations | |  1.7

Action                   || total
-------------------------++-------
 Cast: Sting             ||     5
